 Dungeon Crawl Stone Soup version 0.29-a0-100-g60f898f876 (webtiles) character file.

Game seed: 14954477208406570606

98013 kae the Bludgeoner (level 15, -2/138 HPs)
             Began as a Minotaur Fighter on Feb 14, 2022.
             Was the Champion of Qazlal.
             Slain by a starcursed mass (5 damage)
             ... on level 4 of the Abyss.
             The game lasted 00:17:37 (27880 turns).

kae the Bludgeoner (Minotaur Fighter)              Turns: 27880, Time: 00:17:37

Health: -2/138     AC: 39    Str: 31    XL:     15   Next: 73%
Magic:  16/23      EV: 10    Int:  7    God:    Qazlal [******]
Gold:   1799       SH: 20    Dex: 11    Spells: 14/14 levels left

rFire   . . .      SeeInvis .   a - +1 flail (freeze)
rCold   + + .      Faith    .   V - +1 kite shield {rC+}
rNeg    . . .      Spirit   .   O - +15 Maxwell's patent armour {-Cast -Tele rElec Will+ rCorr}
rPois   .          Reflect  .   (helmet restricted)
rElec   +          Harm     .   z - +2 cloak
rCorr   +          Rampage  .   o - +0 pair of gloves
Will    ++...      NoTele   +   (no boots)
Stlth   .......... NoCast   +   G - amulet of regeneration
HPRegen 1.13/turn               j - +6 ring of strength
MPRegen 0.18/turn               n - ring of protection from cold

@: protected from physical damage, studying Necromancy, repel missiles
A: horns 2, retaliatory headbutt
a: Renounce Religion, Upheaval, Elemental Force, Disaster Area


You were on level 4 of the Abyss.
You worshipped Qazlal.
Qazlal was exalted by your worship.
You visited 3 branches of the dungeon, and saw 23 of its levels.
You visited the Abyss 1 time.
You also visited: Ossuary and Ice Cave.

You collected 3195 gold pieces.
You spent 1396 gold pieces at shops.

Inventory:

Hand Weapons
 a - a +1 flail of freezing (weapon)
 N - a +0 morningstar
Missiles
 B - a throwing net (quivered)
Armour
 b - a +1 scale mail
 c - a +0 buckler
 o - a +0 pair of gloves (worn)
 z - a +2 cloak (worn)
 O - the +15 Maxwell's patent armour (worn) {-Cast -Tele rElec Will+ rCorr}
   (You bought it in a shop on level 1 of the Dungeon)

   rElec:     It insulates you from electricity.
   -Cast:     It prevents spellcasting.
   -Tele:     It prevents most forms of teleportation.
   rCorr:     It protects you from acid and corrosion.
   Will:      It increases your willpower.
 V - a +1 kite shield of cold resistance (worn)
Jewellery
 e - a ring of positive energy
 j - a +6 ring of strength (left hand)
 n - a ring of protection from cold (right hand)
 x - a ring of protection from fire
 E - a ring of magical power
 G - an amulet of regeneration (around neck)
 J - a ring of ice
 R - a ring of willpower
 U - a ring of positive energy
 W - an amulet of the acrobat
 Y - the ring "Qunen" {rC++ Str-5 Int+3 Dex+6 Stlth+}
   (You found it on level 13 of the Dungeon)

   [ring of dexterity]

   Str:       It affects your strength (-5).
   Int:       It affects your intelligence (+3).
   Dex:       It affects your dexterity (+6).
   rC:        It greatly protects you from cold.
   Stlth:     It makes you more stealthy.
Wands
 g - a wand of flame (21)
 H - a wand of paralysis (3)
 I - a wand of charming (3)
 K - a wand of acid (2)
 L - a wand of iceblast (28)
 P - a wand of polymorph (6)
 Z - a wand of digging (8)
Scrolls
 f - 8 scrolls of teleportation
 l - 7 scrolls of immolation
 s - 4 scrolls of enchant armour
 t - 2 scrolls of torment
 w - 2 scrolls of fear
 y - a scroll of amnesia
 A - 2 scrolls of blinking
 Q - 4 scrolls of enchant weapon
 T - a scroll of brand weapon
 X - 2 scrolls of fog
Potions
 d - 2 potions of might
 h - 2 potions of magic
 i - 5 potions of attraction
 k - 7 potions of heal wounds
 m - a potion of resistance
 p - 3 potions of lignification
 q - 4 potions of haste
 r - 4 potions of invisibility
 u - 8 potions of curing
 v - a potion of flight
 C - 3 potions of mutation
 D - 5 potions of ambrosia
 F - 4 potions of cancellation
 M - 2 potions of brilliance
 S - 3 potions of berserk rage


   Skills:
 + Level 14.2 Fighting
 * Level 18.8 Maces & Flails
 + Level 14.0 Armour
 + Level 10.1 Dodging
 + Level 11.0 Shields
 * Level 12.9 Invocations


You had 14 spell levels left.
You didn't know any spells.
Your spell library contained the following spells:

 Spells                   Type           Power      Damage    Failure   Level
 Apportation              Tloc           0%         N/A       99%         1
 Beastly Appendage        Tmut           0%         N/A       99%         1
 Magic Dart               Conj           0%         1d3       99%         1
 Blink                    Tloc           0%         N/A       100%        2
 Call Imp                 Summ           0%         N/A       100%        2
 Ensorcelled Hibernation  Hex/Ice        0%         N/A       100%        2
 Passwall                 Tmut/Erth      0%         N/A       100%        2
 Static Discharge         Conj/Air       0%         N/A       100%        2
 Wereblood                Tmut           0%         N/A       100%        2
 Dazzling Flash           Conj/Hex       0%         N/A       100%        3
 Ignite Poison            Fire/Tmut/Pois 0%         N/A       100%        3
 Mephitic Cloud           Conj/Pois/Air  0%         N/A       100%        3
 Spider Form              Tmut/Pois      0%         N/A       100%        3
 Swiftness                Air            0%         N/A       100%        3
 Anguish                  Hex/Necr       0%         N/A       100%        4
 Dispel Undead            Necr           0%         3d6       100%        4
 Hailstorm                Conj/Ice       0%         3d3       100%        4
 Sticky Flame             Conj/Fire      0%         2d3       100%        4
 Agony                    Necr           0%         N/A       100%        5
 Alistair's Intoxication  Tmut/Pois      0%         N/A       100%        5
 Freezing Cloud           Conj/Ice/Air   0%         6-21      100%        5
 Manifold Assault         Tloc           0%         N/A       100%        5
 Silence                  Hex/Air        0%         N/A       100%        5
 Summon Forest            Summ/Tloc      0%         N/A       100%        5
 Conjure Ball Lightning   Conj/Air       0%         3x3d6     100%        6
 Eringya's Noxious Bog    Tmut/Pois      0%         N/A       100%        6
 Orb of Destruction       Conj           0%         9d5       100%        7
 Storm Form               Tmut/Air       0%         N/A       100%        7
 Summon Hydra             Summ           0%         N/A       100%        7
 Discord                  Hex            0%         N/A       100%        8
 Disjunction              Tloc           0%         N/A       100%        8


Dungeon Overview and Level Annotations

Branches:
Dungeon (15/15)            Temple (0/1) D:7            Lair (6/6) D:11
  Swamp (0/4) Lair:4       Spider (0/4) Lair:3        Slime (0/5) Lair:5
    Orc (2/2) D:10         Vaults (0/5) D:13         Depths (0/4) D:15
Ossuary (visited)           IceCv (visited)
    Elf: Orc:2

Altars:
Elyvilon
Fedhas
Kikubaaqudgha
Qazlal
Sif Muna
Trog
Uskayaw
Vehumet
Wu Jian
Yredelemnul
Zin
Beogh
Jiyva

Shops:
D:1 [((   D:15 *

Portals:
Trove: D:14 (give 11 potions of heal wounds)

Annotations:
D:12 4 runed translucent doors
Lair:5 3 runed translucent doors, NigelTetley's ghost, journeyman FoFi
Orc:2 Saint Roka


Innate Abilities, Weirdness & Mutations

You have a pair of horns on your head.
You reflexively headbutt those who attack you in melee.


Message History

* * * LOW HITPOINT WARNING * * *
The fireball engulfs the hell hog.
The hell hog completely resists.
The fireball engulfs the hell hog.
The hell hog completely resists.
You sock the hell hog! You freeze the hell hog.
You kill the hell hog!
That felt strangely unrewarding.
A deafening chorus of shrieks assaults your mind!
* * * LOW HITPOINT WARNING * * *
You suddenly lose the ability to move!
The hell hog bites you but does no damage.
A starcursed mass splits.
The hell hog bites you.
* * * LOW HITPOINT WARNING * * *
The raiju bites you but does no damage.
You can move again.
Unknown command.
Unknown command.
You closely miss the raiju. Your headbutt misses the raiju.
The raiju is moderately wounded.
The hell hog closely misses you. You furiously retaliate!
You headbutt the hell hog.
A cacophony of accursed wailing tears at your sanity!
* * * LOW HITPOINT WARNING * * *
You shrug off the repeated paralysis!
A tentacle flies out from the starspawn's body!
The raiju barely misses you.
A starspawn tentacle comes into view.
You hit the raiju. You freeze the raiju. You headbutt the raiju.
The raiju is heavily wounded.
The hell hog completely misses you. The starcursed mass barely misses you.
You hit the raiju. You freeze the raiju. Your headbutt misses the raiju.
The raiju is severely wounded.
You hear a bark! x2; You hear a roar!
You block the hell hog's attack.
A cacophony of accursed wailing tears at your sanity!
* * * LOW HITPOINT WARNING * * *
The raiju is engulfed in freezing vapours.
You kill the raiju!
That felt strangely unrewarding.
The starcursed mass touches you.
You die...

........ . .X#
##...... .# ... .
........... #.....
.........####.....#
.... .w8#...#....#
....... X#...#X...
.. .. ..XXX.XX...
... ... #h§X#.. #
.. .#.>.8#@XX# .
......\#○###
.........○......
.....≈≈..........#
...≈. #..#.....##
.... #.. ......#
..# .#....# .#.
....... . .. ...
..#


You could see 9 starcursed masses, a tentacled starspawn, a hell hog and a
starspawn tentacle.

Vanquished Creatures
  Rupert (D:13)
  Jorgrun (D:13)
  2 tentacled starspawn (Abyss:4)
  A frost giant (IceCv)
  Snorg (Lair:3)
  An ettin (D:14)
  Josephine (D:13)
  3 vault guards (D:13)
  Fannar (Lair:3)
  The ghost of NigelTetley the Carver, a journeyman FoFi of the Shining One (D:10)
  4 boulder beetles
  An ogre mage (D:13)
  9 hydras
  2 centaur warriors
  A death knight (D:15)
  4 two-headed ogres
  2 tengu warriors (D:14)
  3 hell hogs (Abyss:4)
  11 death yaks
  5 skeletal warriors
  Sonja (Lair:1)
  A deep troll (D:14)
  A wizard (D:15)
  3 lindwurms
  A deep elf pyromancer (D:14)
  5 orc knights
  11 ugly things
  2 deep elf zephyrmancers
  4 cyclopes
  4 orc sorcerers
  A manticore (D:14)
  3 centaur zombies
  A large abomination (Abyss:4)
  Maurice (Orc:2)
  An ice statue (IceCv)
  9 elephants
  4 black mambas
  A black mamba (shapeshifter) (D:13)
  A torpor snail (Lair:6)
  3 unseen horrors
  8 cane toads
  2 gargoyles
  4 rime drakes
  14 komodo dragons
  2 freezing wraiths (D:15)
  3 yaktaurs (D:15)
  2 tengu conjurers (D:15)
  2 guardian mummies (D:14)
  Prince Ribbit (Lair:3)
  5 hornets (Lair:6)
  7 blink frogs
  17 polar bears
  A raiju (Abyss:4)
  3 slime creatures (D:14)
  6 dream sheep (Lair:6)
  Sigmund (D:2)
  4 culicivoras (Lair:3)
  A shadow (D:10)
  15 spriggans (Lair:6)
  9 wraiths
  A vampire (D:10)
  8 wyverns
  A steam dragon (D:11)
  A human (D:13)
  50 yaks
  6 vampire mosquitoes
  5 basilisks
  Grum (Lair:1)
  Menkaure (D:5)
  2 wargs (Orc:2)
  14 water moccasins
  A two-headed ogre zombie (D:10)
  4 black bears
  A black bear (shapeshifter) (D:13)
  17 orc warriors
  An ice beast (D:6)
  5 ogres
  3 necrophages
  52 wolves
  4 boggarts (Lair:6)
  5 phantoms
  A centaur (D:13)
  2 kobold brigands
  18 bullfrogs
  A gnoll sergeant (D:8)
  A scorpion (D:4)
  A wyvern zombie (D:8)
  3 troll zombies (D:10)
  An electric eel (D:6)
  6 howler monkeys
  A bullfrog zombie (D:5)
  Crazy Yiuf (D:6)
  A hound (D:6)
  3 jellies
  A bullfrog skeleton (D:6)
  10 orc priests
  A gnoll shaman (D:8)
  Terence (D:2)
  5 iguanas
  14 orc wizards
  7 hell rats (Lair:1)
  A statue (D:7)
  4 ogre zombies (D:10)
  13 mummies
  11 gnolls
  7 adders
  A white imp (D:6)
  An ufetubus (D:6)
  A dart slug (D:4)
  66 orcs
  5 endoplasms
  4 giant cockroaches
  4 goblins
  9 hobgoblins
  2 jackals (D:4)
  3 quokkas
  4 ball pythons
  7 bats
  4 frilled lizards
  6 goblin skeletons
  5 goblin zombies (D:10)
  2 hobgoblin skeletons (D:10)
  6 hobgoblin zombies
  15 kobolds
  3 kobold skeletons (Ossuary)
  2 orc skeletons
  11 orc zombies (D:10)
  5 rats
  11 rat skeletons (Ossuary)
  5 starspawn tentacles (Abyss:4)
700 creatures vanquished.

Vanquished Creatures (others)
  An orc priest (Orc:1)
  An orc wizard (D:15)
  2 orcs (D:6)
  A bush (Lair:2)
  13 fungi
  38 plants
  4 starspawn tentacles (Abyss:4)
60 creatures vanquished.

Grand Total: 760 creatures vanquished

Notes
Turn   | Place    | Note
-------+----------+-------------------------------------------
     0 | D:1      | kae the Minotaur Fighter began the quest for the Orb.
     0 | D:1      | Reached XP level 1. HP: 19/19 MP: 0/0
    11 | D:1      | Noticed a bullfrog
   143 | D:1      | Found Lysufeb's Armour Shoppe.
   302 | D:1      | Reached XP level 2. HP: 27/27 MP: 1/1
   474 | D:1      | Reached skill level 3 in Maces & Flails
   550 | D:1      | Found Arphotsi's Antique Weapon Shoppe.
  1006 | D:1      | Found Mous's Weapon Emporium.
  1549 | D:2      | Reached XP level 3. HP: 33/33 MP: 2/2
  1666 | D:2      | Noticed Terence
  1672 | D:2      | Killed Terence
  1674 | D:2      | Reached XP level 4. HP: 38/40 MP: 3/3
  1736 | D:2      | Noticed Sigmund
  1743 | D:2      | Killed Sigmund
  1744 | D:2      | Reached skill level 5 in Maces & Flails
  1744 | D:2      | Reached XP level 5. HP: 33/47 MP: 4/4
  1916 | D:2      | Found a faded altar of an unknown god.
  2355 | D:3      | Reached XP level 6. HP: 55/55 MP: 5/5
  2526 | D:3      | Found a basalt altar of Yredelemnul.
  2527 | D:3      | Found a blossoming altar of Fedhas.
  2529 | D:3      | Found a bloodstained altar of Trog.
  2739 | D:3      | Found a white marble altar of Elyvilon.
  2870 | D:3      | Found an ornate altar of the Wu Jian Council.
  2875 | D:3      | Found a hide-covered altar of Uskayaw.
  2966 | D:4      | Reached skill level 5 in Fighting
  2966 | D:4      | Reached skill level 5 in Armour
  2966 | D:4      | Reached skill level 5 in Shields
  3227 | D:4      | Found an ancient bone altar of Kikubaaqudgha.
  3329 | D:4      | Reached skill level 6 in Maces & Flails
  3591 | D:4      | Reached XP level 7. HP: 61/61 MP: 6/6
  4362 | D:5      | Entered Level 5 of the Dungeon
  4402 | D:5      | Found a glowing silver altar of Zin.
  4428 | D:5      | Noticed Menkaure
  4436 | D:5      | Killed Menkaure
  4870 | D:5      | Reached skill level 7 in Maces & Flails
  5002 | D:5      | Reached XP level 8. HP: 70/70 MP: 7/7
  5819 | D:6      | Found a sand-covered staircase.
  5828 | Ossuary  | Entered an ossuary
  5915 | Ossuary  | Reached skill level 8 in Maces & Flails
  6493 | D:6      | Found a runed translucent door.
  6494 | D:6      | Noticed Crazy Yiuf
  6565 | D:6      | Reached skill level 9 in Maces & Flails
  7365 | D:6      | Reached XP level 9. HP: 74/79 MP: 8/8
  7365 | D:6      | Identified a scroll of acquirement
  7365 | D:6      | Acquired 778 gold pieces
  7725 | D:6      | Reached skill level 10 in Maces & Flails
  7980 | D:6      | Killed Crazy Yiuf
  8073 | D:7      | Found a staircase to the Ecumenical Temple.
  8117 | D:7      | Found a shimmering blue altar of Sif Muna.
  8763 | D:7      | Found a radiant altar of Vehumet.
  8779 | D:7      | Reached skill level 11 in Maces & Flails
  8861 | D:7      | Reached XP level 10. HP: 90/90 MP: 9/9
  9007 | D:7      | Noticed a deep elf zephyrmancer
  9016 | D:7      | Killed a deep elf zephyrmancer
 10181 | D:9      | Found a stormy altar of Qazlal.
 10384 | D:9      | Became a worshipper of Qazlal Stormbringer
 10638 | D:10     | Entered Level 10 of the Dungeon
 10666 | D:10     | Found a runed translucent door.
 10850 | D:10     | Reached skill level 12 in Maces & Flails
 10850 | D:10     | Reached skill level 1 in Invocations
 11022 | D:10     | Found a staircase to the Orcish Mines.
 11048 | D:10     | Reached skill level 1 in Dodging
 11076 | D:10     | Reached * piety under Qazlal
 11549 | D:10     | Noticed a green ugly thing
 11812 | D:10     | Killed a green ugly thing
 12394 | D:10     | Reached XP level 11. HP: 79/99 MP: 12/12
 12783 | D:10     | Noticed NigelTetley's ghost (journeyman FoFi)
 13108 | D:11     | Noticed a two-headed ogre
 13117 | D:11     | Killed a two-headed ogre
 13361 | D:11     | Reached skill level 13 in Maces & Flails
 13427 | D:11     | Reached ** piety under Qazlal
 13428 | D:11     | Reached skill level 10 in Fighting
 13611 | D:11     | Found a staircase to the Lair.
 13999 | Lair:1   | Entered Level 1 of the Lair of Beasts
 14022 | Lair:1   | Noticed Sonja
 14031 | Lair:1   | Killed Sonja
 14032 | Lair:1   | Reached skill level 10 in Armour
 14115 | Lair:1   | Reached skill level 5 in Invocations
 14134 | Lair:1   | Noticed a seven-headed hydra
 14140 | Lair:1   | Killed a seven-headed hydra
 14384 | Lair:1   | Noticed Grum
 14408 | Lair:1   | Killed Grum
 16293 | Lair:2   | Reached skill level 14 in Maces & Flails
 16310 | Lair:2   | Reached XP level 12. HP: 79/108 MP: 15/15
 16520 | Lair:2   | Reached skill level 5 in Dodging
 16854 | Lair:3   | Reached *** piety under Qazlal
 17084 | Lair:3   | Found a hole to the Spider Nest.
 17176 | Lair:3   | Noticed Snorg
 17182 | Lair:3   | Noticed Prince Ribbit
 17188 | Lair:3   | HP: 3/110 [Snorg (8)]
 17189 | Lair:3   | Killed Snorg
 17331 | Lair:3   | Killed Prince Ribbit
 17400 | Lair:3   | Noticed a five-headed hydra
 17408 | Lair:3   | Killed a five-headed hydra
 17466 | Lair:3   | Noticed Fannar
 17493 | Lair:3   | Killed Fannar
 17874 | Lair:3   | Reached skill level 15 in Maces & Flails
 18095 | Lair:4   | Noticed a boulder beetle
 18123 | Lair:4   | Killed a boulder beetle
 18407 | Lair:4   | Noticed a five-headed hydra
 18419 | Lair:4   | Killed a five-headed hydra
 18430 | Lair:4   | Reached XP level 13. HP: 87/117 MP: 18/18
 18432 | Lair:4   | Reached **** piety under Qazlal
 18957 | Lair:4   | Found a staircase to the Swamp.
 19624 | D:1      | Bought the +15 Maxwell's patent armour {-Cast -Tele rElec
                  | Will+ rCorr} for 1396 gold pieces
 19624 | D:1      | Found the +15 Maxwell's patent armour {-Cast -Tele rElec
                  | Will+ rCorr}
 19987 | D:10     | Killed NigelTetley's ghost
 20353 | Lair:5   | Reached skill level 16 in Maces & Flails
 20692 | Lair:5   | Found a runed translucent gate.
 20693 | Lair:5   | Found a runed translucent gate.
 20694 | Lair:5   | Found a runed translucent gate.
 20694 | Lair:5   | Noticed an azure jelly
 20979 | Lair:5   | Noticed an acid blob
 20980 | Lair:5   | Noticed NigelTetley's ghost (journeyman FoFi)
 20980 | Lair:5   | Noticed an azure jelly
 20980 | Lair:5   | Noticed an acid blob
 20981 | Lair:5   | Noticed an acid blob
 21093 | Lair:5   | Found a viscous altar of Jiyva.
 21113 | Lair:5   | Found a staircase to the Slime Pits.
 21308 | Lair:5   | Found a viscous altar of Jiyva.
 21348 | Lair:6   | Entered Level 6 of the Lair of Beasts
 21375 | Lair:5   | Reached skill level 10 in Invocations
 21442 | Lair:6   | Found a frozen archway.
 21508 | IceCv    | Entered an ice cave
 21596 | IceCv    | Reached ***** piety under Qazlal
 21827 | IceCv    | Reached XP level 14. HP: 127/127 MP: 20/20
 22057 | IceCv    | Noticed a frost giant
 22072 | IceCv    | Killed a frost giant
 22073 | IceCv    | Reached skill level 17 in Maces & Flails
 22208 | IceCv    | Got the Handbook of Transmigration and Conjuration
 22714 | Lair:6   | Paralysed by a hornet for 3 turns
 24097 | D:12     | Found a huge runed translucent gate.
 24097 | D:12     | Found a huge runed translucent gate.
 24097 | D:12     | Found a huge runed translucent gate.
 24097 | D:12     | Found a huge runed translucent gate.
 24522 | D:13     | Reached skill level 10 in Shields
 24611 | D:13     | Identified the ring "Qunen" {rC++ Str-5 Int+3 Dex+6 Stlth+}
 24694 | D:13     | Found a gate to the Vaults.
 24872 | D:13     | Noticed Rupert
 24898 | D:13     | Killed Rupert
 24899 | D:13     | Reached skill level 18 in Maces & Flails
 24899 | D:13     | Reached XP level 15. HP: 40/136 MP: 22/22
 24899 | D:13     | Noticed Josephine
 24907 | D:13     | Killed Josephine
 25310 | D:14     | Noticed Jorgrun
 25335 | D:13     | Killed Jorgrun
 25538 | D:14     | You fall into a shaft and drop 1 floor!
 25538 | D:15     | Entered Level 15 of the Dungeon
 25735 | D:15     | Reached ****** piety under Qazlal
 25821 | D:15     | Found Routo's Assorted Antiques.
 26000 | D:15     | Found a staircase to the Depths.
 26119 | D:15     | Found a white marble altar of Elyvilon.
 26838 | D:14     | Found a portal to a secret trove of treasure.
 26848 | D:14     | Reached skill level 10 in Dodging
 27092 | Orc:1    | Entered Level 1 of the Orcish Mines
 27398 | Orc:2    | Entered Level 2 of the Orcish Mines
 27398 | Orc:2    | Noticed Maurice
 27407 | Orc:2    | Killed Maurice
 27522 | Orc:2    | Noticed Saint Roka
 27831 | Orc:2    | Cast into level 4 of the Abyss (Saint Roka)
 27840 | Abyss:4  | Noticed a tentacled starspawn
 27854 | Abyss:4  | Noticed a tentacled starspawn
 27863 | Abyss:4  | Killed a tentacled starspawn
 27871 | Abyss:4  | Killed a tentacled starspawn
 27873 | Abyss:4  | Noticed a tentacled starspawn
 27876 | Abyss:4  | Paralysed by accursed screaming for 1 turns
 27880 | Abyss:4  | HP: 3/138 [starcursed mass/accursed screaming (6)]
 27880 | Abyss:4  | Slain by a starcursed mass

Illustrated notes

Levels and vault maps discovered:
D:1:      evilmike_arrival_come_back, layout_basic, serial_shops, shop,
          shop_fountains, nicolae_lakefront_shop, serial_forest,
          infiniplex_forest_clump_long, infiniplex_forest_end_2,
          infiniplex_forest_zigzag_2, infiniplex_forest_lined_3_way,
          infiniplex_forest_straight_1, infiniplex_forest_clump_tiny,
          infiniplex_forest_lined_room_, infiniplex_forest_clump_C,
          lemuel_flame_loot_1
D:2:      layout_loops_ring, shapermc_ecumenical_altar_mp_vishouse,
          uniq_terence, uniq_sigmund
D:3:      layout_rooms, marbit_many_paths, grunt_temple_overflow_open,
          minitemple
D:4:      layout_layer_cave, amcnicky_altar_gilded, kennysheep_small_spiral
D:5:      layout_loops_ring, zin_statuary, chequers_serial_rivers_room_b,
          uniq_menkaure
D:6:      layout_loops_ring, nicolae_ossuary_entry_giza, serial_bayou_ford_a,
          uniq_crazy_yiuf_cottage
D:7:      layout_gridville, mainiacjoe_overflow_chevrons, vehumet_statue,
          minmay_temple_entry_tees, kennysheep_path_1, guppyfry_early_elven_hall
D:8:      layout_loops_ring
D:9:      layout_big_octagon, mainiacjoe_overflow_boulevard
D:10:     layout_basic, zombieorc2_lemuel, ebering_ghost_reflecting_pool
D:11:     layout_irregular_city, erik_lair_dragon, serial_glass,
          glass_columns_c, glass_columns_a
D:12:     lemuel_bear_cage, layout_loops_ring
D:13:     layout_rooms, grunt_vaults_entry_fortified, uniq_rupert,
          uniq_josephine
D:14:     layout_loops_ring, nicolae_trove_entry_path_of_doom, uniq_jorgrun
D:15:     hangedman_depths_entry_civil_slaughter, layout_cave_pools,
          minmay_misc_feat_nine_boxes, serial_shops,
          nicolae_shop_overgrown_old_shop, elyvilon_altar_3
Lair:1:   layout_regular_city, uniq_sonja, uniq_grum
Lair:2:   layout_regular_city
Lair:3:   layout_cave_pods, hellmonk_spider_entry_life_and_decay,
          uniq_prince_ribbit2, uniq_snorg, uniq_fannar
Lair:4:   layout_hall_layers, minmay_swamp_entry_swarm, nicolae_lair_lindhole,
          infiniplex_staircase_pool_2
Lair:5:   layout_cave_pods, slime_altar_1, gammafunk_ghost_ooze
Lair:6:   minmay_lair_end_enchanted_forest, layout_hall_layers,
          portal_ice_cave_rime
Orc:1:    layout_caves
Orc:2:    st_orc_rangers, layout_diamond_mine, minmay_orc_temple_a, uniq_nessos,
          uniq_saint_roka, uniq_maurice
Abyss:4:  base: Lair:3, hangedman_abyss_batty_box, evilmike_abyss_exit_12,
          hangedman_abyss_or_decor_passed

Skill      XL: |  1  2  3  4  5  6  7  8  9 10 11 12 13 14 15 |
---------------+----------------------------------------------+-----
Maces & Flails | 3 5 6 7 9 11 12 14 15 16 18 | 18.8
Armour         | 4 5 6 7 8 9 10 11 12 13 14 | 14.0
Shields        | 4 5 6 7 8 9 10 11 | 11.0
Fighting       | 4 5 6 7 8 9 10 11 12 13 14 | 14.2
Invocations    | 3 6 8 10 11 12 | 12.9
Dodging        | 2 4 6 8 9 10 | 10.1

Action                   |  1- 3 |  4- 6 |  7- 9 | 10-12 | 13-15 || total
-------------------------+-------+-------+-------+-------+-------++-------
Melee: Flail             |    70 |    91 |   342 |   757 |  1410 ||  2670
       Headbutt          |     9 |    13 |    63 |   154 |   386 ||   625
Invok: Disaster Area     |       |       |       |       |     3 ||     3
Evoke: Wand              |       |       |       |     3 |       ||     3
  Use: Scroll            |     4 |     5 |    13 |     8 |     5 ||    35
       Potion            |       |       |     3 |     1 |     3 ||     7
 Stab: Paralysed         |       |       |       |     4 |       ||     4
Armor: Scale mail        |    28 |    29 |   115 |   236 |    32 ||   440
       Plate armour      |       |       |       |       |   765 ||   765
Dodge: Dodged            |    34 |    30 |   105 |   254 |   443 ||   866
       Repelled          |       |       |       |       |    11 ||    11
Block: Buckler           |    12 |    16 |    54 |   225 |   257 ||   564
       Kite shield       |       |       |       |       |   979 ||   979

Table legend: (Time is in decaauts)
 A = Elapsed time spent in this place.
 B = Non-inter-level travel time spent in this place.
 C = Inter-level travel time spent in this place.
 D = Time resting spent in this place.
 E = Time spent auto-exploring this place.
 F = Levels seen in this place.
 G = Mean time per level.
                   A        B        C        D        E       F      G
               +--------+--------+--------+--------+--------+-----+--------+
         Total |  27500 |  25961 |   1539 |   1495 |  19937 |  26 | 1057.7 |
       Dungeon |  17319 |  16193 |   1126 |    766 |  12995 |  15 | 1154.6 |
          Lair |   7944 |   7547 |    397 |    443 |   5811 |   6 | 1324.0 |
  Orcish Mines |    719 |    704 |     15 |    195 |    279 |   2 |  359.5 |
         Abyss |     43 |     43 |      0 |      8 |      0 |   1 |   43.0 |
       Ossuary |    463 |    463 |      0 |      0 |    343 |   1 |  463.0 |
      Ice Cave |   1010 |   1010 |      0 |     83 |    509 |   1 | 1010.0 |
               +--------+--------+--------+--------+--------+-----+--------+

Top non-repeatable levels by time:
     D:6: 2227 daAuts
    D:10: 1987 daAuts
     D:1: 1623 daAuts
  Lair:1: 1565 daAuts
    D:11: 1445 daAuts
  Lair:6: 1383 daAuts
  Lair:2: 1365 daAuts
     D:5: 1329 daAuts
     D:4: 1282 daAuts
  Lair:3: 1230 daAuts
  Lair:4: 1220 daAuts
  Lair:5: 1180 daAuts
    D:14: 1072 daAuts
   IceCv: 1010 daAuts
     D:7: 945 daAuts
